 Dungeon Crawl Stone Soup version 0.26-a0-524-g073066f (webtiles) character file.

Game seed: 11996350102910437331

9655 roflturtle the Zephyrmancer (level 11, -4/74 HPs)
             Began as a Demigod Air Elementalist on Aug 13, 2020.
             Killed from afar by Josephine (18 damage)
             ... with a ghostly fireball
             ... on level 10 of the Dungeon.
             The game lasted 00:37:53 (12893 turns).

roflturtle the Zephyrmancer (DgAE)                 Turns: 12893, Time: 00:37:54

Health: -4/74      AC: 11    Str: 11    XL:     11   Next: 5%
Magic:  1/24       EV: 18    Int: 25    God:
Gold:   807        SH:  5    Dex: 18    Spells: 7/22 levels left

rFire    + . .     SeeInvis .   M - +5 short sword "Dischirpha" {freeze, rF+ MR+ Dex+2}
rCold    . . .     Faith    .   (no shield)
rNeg     . . .     Spirit   .   L - +0 steam dragon scales
rPois    .         Reflect  +   (no helmet)
rElec    .         Harm     .   s - +0 cloak
rCorr    .                      p - +0 pair of gloves
MR       ++...                  (no boots)
Stlth    ++........             G - amulet of reflection
HPRegen  0.22/turn              v - +4 ring of evasion
MPRegen  0.19/turn              b - +4 ring of protection

@: heavily drained
A: high mp 1
a: no special abilities


You were on level 10 of the Dungeon.
You visited 1 branch of the dungeon, and saw 10 of its levels.

You collected 807 gold pieces.

Inventory:

Hand Weapons
 a - a +2 flail of protection
 q - a +1 short sword of venom
 r - a +4 quarterstaff of chaos
 B - a +1 vorpal trident
 M - the +5 short sword "Dischirpha" (weapon) {freeze, rF+ MR+ Dex+2}
   (You found it on level 8 of the Dungeon)

   It has been specially enchanted to freeze those struck by it, causing extra
   injury to most foes and up to half again as much damage against particularly
   susceptible opponents.
   It can also slow down cold-blooded creatures.
   It affects your dexterity (+2).
   It protects you from fire.
   It affects your resistance to hostile enchantments.
Armour
 p - a +0 pair of gloves (worn)
 s - a +0 cloak (worn)
 K - the +1 robe of Inquiry {rN+ Str+3}
   (You found it on level 6 of the Dungeon)

   It affects your strength (+3).
   It protects you from negative energy.
 L - +0 steam dragon scales (worn)
Jewellery
 b - a +4 ring of protection (right hand)
 g - an uncursed ring of protection from cold
 h - an uncursed ring of flight
 j - an uncursed amulet of guardian spirit
 v - a +4 ring of evasion (left hand)
 F - an uncursed ring of protection from cold
 G - an amulet of reflection (around neck)
 I - an uncursed ring of fire
 N - an uncursed ring of stealth
 T - a cursed ring of teleportation {unknown}
Wands
 o - a wand of disintegration (21)
 S - a wand of paralysis (8)
 V - a wand of flame (19)
Scrolls
 d - 3 scrolls of blinking {unknown}
 i - 5 scrolls of teleportation
 l - 4 scrolls of fog {unknown}
 t - 3 scrolls of enchant armour {unknown}
 y - 2 scrolls of amnesia {unknown}
 z - 6 scrolls of random uselessness {unknown}
 C - 2 scrolls of magic mapping {unknown}
 E - 2 scrolls of remove curse
 H - a scroll of holy word
 P - a scroll of torment {unknown}
 Q - a scroll of enchant weapon {unknown}
 R - 2 scrolls of identify
 W - a scroll of noise {unknown}
Potions
 c - 3 potions of brilliance
 e - 8 potions of curing
 f - a potion of resistance
 k - 4 potions of flight
 m - a potion of stabbing
 n - 2 potions of berserk rage
 u - a potion of haste
 w - a potion of invisibility
 x - 5 potions of lignification
 A - a potion of cancellation
 D - a potion of ambrosia
 J - 2 potions of might {unknown}
 O - 2 potions of mutation {unknown}
Miscellaneous
 U - a lightning rod (4/4)
 X - a phial of floods


   Skills:
 - Level 5.2(3.0) Dodging
 - Level 5.0(2.8) Stealth
 - Level 6.1(3.8) Spellcasting
 - Level 8.2(5.8) Conjurations
 - Level 10.0(7.4) Air Magic
 + Level 4.3(2.1) Evocations


You had 7 spell levels left.
You knew the following spells:

 Your Spells              Type           Power        Failure   Level
a - Shock                 Conj/Air       ####         1%          1
b - Swiftness             Air            #####...     1%          2
c - Static Discharge      Conj/Air       #####...     1%          3
d - Airstrike             Air            #####.....   4%          4
e - Lightning Bolt        Conj/Air       #####.....   17%         5

Your spell library contained the following spells:

 Spells                   Type           Power        Failure   Level
 Silence                  Hex/Air        ###.......   50%         5
 Cause Fear               Hex            #.........   67%         4
 Yara's Violent Unravell  Hex/Tmut       #.........   95%         5
 Discord                  Hex            #.........   100%        8


Dungeon Overview and Level Annotations

Branches:
Dungeon (10/15)            Temple (0/1) D:5
   Lair: D:8-11         Orc: D:9-12

Shops:
D:6 *   D:8 :

Annotations:
D:5 exclusion: oklob plant
D:10 Josephine


Innate Abilities, Weirdness & Mutations

You have an increased reservoir of magic. (+10% MP)


Message History

Josephine gestures at you while chanting.
The ghostly flame explodes!
The ghostly fireball engulfs you!!
You feel drained.
Josephine points at you and mumbles some strange words.
The ghostly flame explodes!
The ghostly fireball engulfs you!
You feel drained.
* * * LOW HITPOINT WARNING * * *
Evoke which item? (* to show all) (? for menu, Esc to quit)
Aiming: Disintegrate
Press: ? - help, Shift-Dir - straight line, f/p - Josephine
Aim: Josephine, wielding a +0 vampiric dagger and wearing a +0 robe (severely wounded, chance to defeat MR: 43%) Josephine is blasted!!
Evoke which item? (* to show all) (? for menu, Esc to quit)
Aiming: Disintegrate
Press: ? - help, Shift-Dir - straight line, f/p - Josephine
Aim: Josephine, wielding a +0 vampiric dagger and wearing a +0 robe (almost dead, chance to defeat MR: 43%) Josephine resists with some effort.
Josephine casts a spell at you.
The ghostly flame explodes!
The ghostly fireball engulfs you!!
You feel drained.
You die...

.................................
##<.#############...###########..
#..# #...###########..
##..#############................
.................................
..........@...[...###############
###..@##########..# # #...# #..#
# #...# #@.# # #...# #..# #
###...##########@.###############
...............>.................
#################################


You could see Josephine.

Vanquished Creatures
  Erolcha (D:9)
  A two-headed ogre (D:9)
  Nergalle (D:10)
  Pikel (D:8)
  An ugly thing (D:10)
  A moth of wrath (D:3)
  Psyche (D:10)
  Maggie (D:8)
  2 trolls
  2 hippogriffs
  Sigmund (D:2)
  3 wraiths (D:10)
  Purgy (D:3)
  An ice beast (D:8)
  5 orc warriors
  2 phantoms
  4 sky beasts
  A black bear (D:6)
  10 ogres
  4 centaurs
  A big kobold (D:7)
  5 bullfrogs
  A gnoll sergeant (D:5)
  2 scorpions (D:7)
  4 killer bees (D:9)
  2 howler monkeys
  2 centaur zombies
  A jelly (D:6)
  Crazy Yiuf (D:3)
  8 orc priests
  10 orc wizards
  An iguana (D:6)
  Terence (D:3)
  4 worker ants
  A hound zombie (D:5)
  A howler monkey zombie (D:5)
  A worker ant zombie (D:10)
  8 gnolls
  12 adders
  3 shadow imps
  2 white imps
  2 ufetubi (D:6)
  2 adder skeletons
  6 worms
  2 dart slugs
  3 leopard geckos
  44 orcs
  11 giant cockroaches
  6 goblins
  5 hobgoblins
  3 jackals
  8 kobolds
  4 quokkas
  A ball python (D:7)
  14 bats
  5 frilled lizards
  A leopard gecko zombie (D:6)
  A quokka skeleton (D:4)
  A quokka zombie (D:6)
  14 rats
248 creatures vanquished.

Vanquished Creatures (others)
  13 toadstools (D:5)
13 creatures vanquished.

Grand Total: 261 creatures vanquished

Notes
Turn   | Place    | Note
-------+----------+-------------------------------------------
     0 | D:1      | roflturtle the Demigod Air Elementalist began the quest for
                  | the Orb.
     0 | D:1      | Reached XP level 1. HP: 14/14 MP: 5/5
    28 | D:1      | Reached skill level 1 in Conjurations
   545 | D:1      | Reached XP level 2. HP: 20/20 MP: 4/7
   549 | D:1      | Learned a level 2 spell: Swiftness
   882 | D:2      | Reached XP level 3. HP: 16/26 MP: 1/8
   887 | D:2      | Learned a level 3 spell: Static Discharge
  1021 | D:2      | Reached skill level 3 in Air Magic
  1160 | D:2      | Noticed Sigmund
  1186 | D:2      | Killed Sigmund
  1186 | D:2      | Reached skill level 5 in Air Magic
  1186 | D:2      | Reached XP level 4. HP: 13/33 MP: 3/9
  1186 | D:2      | Reached XP level 5. HP: 15/38 MP: 3/10
  1558 | D:2      | Found a glowing golden altar of the Shining One.
  1976 | D:3      | Noticed Terence
  1991 | D:3      | Killed Terence
  2224 | D:3      | Found a white marble altar of Elyvilon.
  2264 | D:3      | Found a runed translucent door.
  2265 | D:3      | Noticed Crazy Yiuf
  2345 | D:3      | Killed Crazy Yiuf
  2345 | D:3      | Reached XP level 6. HP: 17/45 MP: 12/12
  2634 | D:2      | Learned a level 4 spell: Airstrike
  2939 | D:3      | Noticed Purgy
  2966 | D:3      | Killed Purgy
  3264 | D:3      | Reached XP level 7. HP: 49/50 MP: 15/15
  3416 | D:3      | Noticed a moth of wrath
  3419 | D:3      | Found a bloodstained altar of Trog.
  3652 | D:3      | Killed a moth of wrath
  3652 | D:3      | Reached skill level 5 in Dodging
  3840 | D:3      | Found a burning altar of Makhleb.
  4289 | D:4      | Reached XP level 8. HP: 57/57 MP: 8/16
  4435 | D:4      | Reached skill level 6 in Air Magic
  4587 | D:4      | Found a shattered altar of Ashenzari.
  4683 | D:4      | Found a hazy altar of Hepliaklqana.
  4689 | D:4      | Found a burning altar of Makhleb.
  4692 | D:4      | Found a blossoming altar of Fedhas.
  5022 | D:5      | Entered Level 5 of the Dungeon
  5188 | D:5      | Found a staircase to the Ecumenical Temple.
  5233 | D:5      | Found a blossoming altar of Fedhas.
  5250 | D:5      | Noticed an oklob plant
  5462 | D:5      | Reached skill level 5 in Conjurations
  5747 | D:5      | Learned a level 5 spell: Lightning Bolt
  6074 | D:5      | Reached skill level 1 in Evocations
  6706 | D:6      | Found Zin's Purification Station.
  6709 | D:6      | Found a glowing silver altar of Zin.
  7062 | D:6      | Reached XP level 9. HP: 56/62 MP: 3/18
  7517 | D:6      | Found a snail-covered altar of Cheibriados.
  7588 | D:6      | Got a faintly glowing robe
  7598 | D:6      | Identified the cursed +1 robe of Inquiry {rN+ Str+3} (You
                  | found it on level 6 of the Dungeon)
  8053 | D:7      | Reached skill level 7 in Air Magic
  8293 | D:7      | Reached skill level 8 in Air Magic
  9288 | D:8      | Found Gevunept's Book Shoppe.
  9457 | D:8      | Reached skill level 5 in Spellcasting
  9914 | D:8      | Noticed Maggie
  9926 | D:8      | Killed Maggie
  9926 | D:8      | Reached XP level 10. HP: 69/69 MP: 1/21
 10101 | D:8      | Got a pitted short sword
 10102 | D:8      | Identified the +5 short sword "Dischirpha" {freeze, rF+ MR+
                  | Dex+2} (You found it on level 8 of the Dungeon)
 10394 | D:8      | Noticed Pikel
 10405 | D:8      | Killed Pikel
 10405 | D:8      | Reached skill level 9 in Air Magic
 11064 | D:9      | Reached skill level 10 in Air Magic
 11187 | D:9      | Noticed a two-headed ogre
 11192 | D:9      | Killed a two-headed ogre
 11571 | D:9      | Noticed Erolcha
 11579 | D:9      | Killed Erolcha
 11579 | D:9      | Reached skill level 5 in Stealth
 11796 | D:10     | Entered Level 10 of the Dungeon
 11851 | D:10     | Noticed Josephine
 11962 | D:10     | Noticed Psyche
 11969 | D:10     | Killed Psyche
 12156 | D:10     | Noticed a brown ugly thing
 12181 | D:10     | Killed a brown ugly thing
 12567 | D:10     | Noticed Nergalle
 12586 | D:10     | Killed Nergalle
 12586 | D:10     | Reached XP level 11. HP: 73/74 MP: 0/24
 12893 | D:10     | Killed from afar by Josephine

Illustrated notes

Levels and vault maps discovered:
D:1:      minmay_arrival_nine_rooms, layout_loops_ring, corexii_corridor_pit
D:2:      layout_basic, lemuel_doored_altar, minmay_guardbox, uniq_sigmund
D:3:      lemuel_upstairs_altar, layout_rooms, tgw_trog, elyvilon_altar_3,
          uniq_crazy_yiuf_cottage, uniq_terence, uniq_purgy
D:4:      layout_cave_pools, grunt_temple_overflow_diamond,
          evilmike_ruin_ashenzari
D:5:      layout_cave_pools, minmay_temple_entry_drinking_statues, st_stairs_9,
          tgw_fedhas
D:6:      layout_loops_cross, zin_purify, basic_altar,
          minmay_misc_feat_more_columns, minmay_starry_boxes
D:7:      minmay_inner_zag, layout_gridville
D:8:      layout_basic, serial_shops, shop, nicolae_underground_beach,
          uniq_maggie, uniq_pikel
D:9:      layout_cave_pools, uniq_erolcha
D:10:     layout_long_grid, minmay_misc_feat_nine_boxes, uniq_nergalle,
          uniq_josephine, uniq_psyche

Skill      XL: |  1  2  3  4  5  6  7  8  9 10 |
---------------+-------------------------------+-----
Conjurations   | 1 2 3 6 7 8 |  8.2
Spellcasting   | 2 3 4 5 6 |  6.1
Stealth        | 2 3 5 |  5.0
Dodging        | 2 5 |  5.2
Air Magic      | 5 6 8 10 | 10.0
Evocations     | 3 4 |  4.3

Action                   |  1- 3 |  4- 6 |  7- 9 | 10-12 || total
-------------------------+-------+-------+-------+-------++-------
Melee: Short sword       |    20 |    52 |   175 |    65 ||   312
       Unarmed           |     2 |       |       |       ||     2
 Cast: Shock             |    47 |    66 |    47 |     7 ||   167
       Static Discharge  |       |     8 |     3 |       ||    11
       Airstrike         |       |       |   120 |    73 ||   193
       Lightning Bolt    |       |       |     4 |       ||     4
Evoke: Wand              |       |       |       |     2 ||     2
  Use: Scroll            |       |       |    16 |       ||    16
 Stab: Sleeping          |       |     1 |     1 |     1 ||     3
Armor: Robe              |    13 |    22 |    51 |       ||    86
       Steam dragon scal |       |       |       |    24 ||    24
Dodge: Dodged            |    23 |    49 |   189 |    88 ||   349
Block: Other             |       |       |    27 |    21 ||    48

Table legend: (Time is in decaauts)
 A = Elapsed time spent in this place.
 B = Non-inter-level travel time spent in this place.
 C = Inter-level travel time spent in this place.
 D = Time resting spent in this place.
 E = Time spent auto-exploring this place.
 F = Levels seen in this place.
 G = Mean time per level.
                   A        B        C        D        E       F      G
               +--------+--------+--------+--------+--------+-----+--------+
         Total |  12917 |  12689 |    228 |   1656 |   8939 |  10 | 1291.7 |
       Dungeon |  12917 |  12689 |    228 |   1656 |   8939 |  10 | 1291.7 |
               +--------+--------+--------+--------+--------+-----+--------+

Top non-repeatable levels by time:
     D:3: 1910 daAuts
     D:7: 1567 daAuts
     D:6: 1396 daAuts
     D:8: 1315 daAuts
     D:5: 1278 daAuts
     D:9: 1230 daAuts
     D:4: 1175 daAuts
     D:2: 1113 daAuts
    D:10: 1099 daAuts
     D:1: 832 daAuts
